 Dungeon Crawl Stone Soup version 0.31-a0-799-g6bc09d010c (webtiles) character file.

Game seed: 6141957426051727805

36498 Newt the Spear-Bearer (level 13, -8/108 HPs)
             Began as a Merfolk Gladiator on Sept 19, 2023.
             Was the Champion of Okawaru.
             Mangled by a freezing wraith (33 damage)
             ... on level 14 of the Dungeon.
             The game lasted 00:23:17 (17645 turns).

Newt the Spear-Bearer (Merfolk Gladiator)          Turns: 17645, Time: 00:23:18

Health: -8/108     AC: 12    Str: 19    XL:     13   Next: 90%
Magic:  21/21      EV: 15    Int:  8    God:    Okawaru [******]
Gold:   798        SH:  9    Dex: 15    Spells: 22/22 levels left

rFire   + + .        R - +5 demon trident (flame)
rCold   x . .        A - +0 kite shield
rNeg    + . .        M - +4 ring mail of Sin {+Inv rC- rN+ Will+++}
rPois   .            v - melded +1 hat
rElec   .            (cloak currently unavailable)
rCorr   .            (gloves currently unavailable)
SInv    .            (boots currently unavailable)
Will    ++++.        z - amulet of faith
Stlth   +            n - ring of protection from fire
HPRegen 0.38/turn    s - ring of protection from fire
MPRegen 0.17/turn

%: faith
@: beast-form, slowed, very slow
A: beast (slay +4), (nimble swimmer 2), mertail, iridescent scales 1,
strong-willed 1
a: Begin Untransformation, Renounce Religion, Evoke Invisibility, Heroism,
Finesse, Duel


You were on level 14 of the Dungeon.
You worshipped Okawaru.
Okawaru was exalted by your worship.
You were a hulking beast.
You visited 1 branch of the dungeon, and saw 14 of its levels.
You also visited: Bailey and Gauntlet.

You collected 1083 gold pieces.
You spent 285 gold pieces at shops.

Inventory:

Hand Weapons
 F - the +6 spear of Makhleb's Generosity {protect, Str+3}
   (You found it on level 6 of the Dungeon)

   Str+3:     It affects your strength (+3).
 R - a +5 demon trident of flaming (weapon)
 T - a +0 demon whip
Missiles
 e - 13 javelins
 x - 39 poisoned darts (quivered)
 K - 8 silver javelins
 Z - 2 throwing nets
Armour
 v - a +1 hat (melded)
 A - a +0 kite shield (worn)
 M - the +4 ring mail of Sin (worn) {+Inv rC- rN+ Will+++}
   (Okawaru gifted it to you on level 9 of the Dungeon)

   rC-:       It makes you vulnerable to cold.
   rN+:       It protects you from negative energy.
   Will+++:   It greatly increases your willpower.
   +Inv:      It lets you turn invisible.
 Q - the +8 orange crystal plate armour {Archmagi, Int+3 Clar}
   (You found it in a Gauntlet)

   Int+3:     It affects your intelligence (+3).
   Clar:      It protects you from confusion, rage, mesmerisation and fear.
 S - the +0 helmet of the Kangaroo {+Blink rCorr Int+5 Dex-3}
   (You found it in a Gauntlet)

   Int+5:     It affects your intelligence (+5).
   Dex-3:     It affects your dexterity (-3).
   +Blink:    It lets you blink.
   rCorr:     It protects you from acid and corrosion.
 U - the +3 ring mail of Galigh {rElec rCorr Str-5 Stlth+}
   (You took it off a minotaur in a Gauntlet)

   Str-5:     It affects your strength (-5).
   rElec:     It insulates you from electricity.
   rCorr:     It protects you from acid and corrosion.
   Stlth+:    It makes you more stealthy.
Jewellery
 f - an amulet of reflection
 n - a ring of protection from fire (left hand)
 r - a ring of protection from cold
 s - a ring of protection from fire (right hand)
 z - an amulet of faith (around neck)
 N - the ring of Uvuem {Int+5 Dex+4 SInv}
   (You took it off a minotaur in a Gauntlet)

   [ring of see invisible]

   Int+5:     It affects your intelligence (+5).
   Dex+4:     It affects your dexterity (+4).
   SInv:      It lets you see invisible.
Talismans
 j - a beast talisman (active)
Wands
 a - a wand of light (4)
 o - a wand of flame (34)
 G - a wand of polymorph (13)
Scrolls
 l - a scroll of immolation
 t - 7 scrolls of teleportation
 y - 3 scrolls of fear
 B - 2 scrolls of brand weapon {unknown}
 L - a scroll of revelation
 P - a scroll of enchant armour
 Y - 3 scrolls of identify
Potions
 d - 4 potions of might
 g - 5 potions of heal wounds
 i - 3 potions of curing
 m - 3 potions of brilliance
 u - a potion of enlightenment
 w - 2 potions of resistance
 C - 2 potions of magic
 E - 3 potions of lignification
 H - a potion of mutation
 J - a potion of cancellation
Miscellaneous
 V - a phial of floods
 W - a tin of tremorstones (2/2)
 X - a lightning rod (4/4)


   Skills:
 - Level 12.0 Fighting
 - Level 14.0 Polearms
 - Level 2.0 Throwing
 + Level 6.3 Armour
 - Level 12.0 Dodging
 - Level 4.0 Shields
 - Level 5.4 Spellcasting
 - Level 10.0 Invocations
 - Level 5.0 Evocations
 - Level 7.0 Shapeshifting


You had 22 spell levels left.
You didn't know any spells.
Your spell library contained the following spells:

 Spells                   Type           Power      Damage    Failure   Level
 Magic Dart               Conj           8%         1d3       71%         1
 Static Discharge         Conj/Air       4%         2-3/arc   83%         2
 Frozen Ramparts          Ice            4%         1d1       97%         3
 Mephitic Cloud           Conj/Pois/Air  2%         N/A       97%         3
 Ozocubu's Armour         Ice            2%         N/A       97%         3
 Airstrike                Air            1%         2d(1-17)  100%        4
 Flame Wave               Conj/Fire      2%         2d4       100%        4
 Passage of Golubria      Tloc           2%         N/A       100%        4
 Silence                  Hex/Air        1%         N/A       100%        5
 Ozocubu's Refrigeration  Ice            1%         4d7       100%        7
 Lehudib's Crystal Spear  Conj/Erth      1%         10d2      100%        8
 Fire Storm               Conj/Fire      1%         7d1       100%        9
 Call Imp                 Summ           Unusable   N/A       N/A         2
 Summon Lightning Spire   Summ/Air       Unusable   N/A       N/A         4

Dungeon Overview and Level Annotations

Branches:
Dungeon (14/15)            Temple (0/1) D:7            Lair (0/5) D:9
    Orc (0/2) D:9          Vaults (0/5) D:13         Bailey (visited)
Gauntlet (visited)

Altars:
Cheibriados
Elyvilon
Fedhas
Hepliaklqana
Okawaru
Qazlal
Ru
Sif Muna
Uskayaw
Wu Jian
Yredelemnul
Zin
The Shining One

Shops:
D:7 (   D:13 **

Annotations:
D:10 1 runed translucent door


Innate Abilities, Weirdness & Mutations

You are a hulking beast.
Your limbs bulge with bestial killing power. (Slay +4)
((You are very nimble when in or above water. (Stealth+, EV+, Speed+++)))
Your lower body shifts to a powerful aquatic tail in water.
You are partially covered in iridescent scales. (AC +2)
You are strong-willed. (Will+)


Message History

You block the freezing wraith's attack. The freezing wraith hits you.
The freezing wraith drains your vigour!
You feel as though you will be slow longer.
Unknown command.
You barely miss the freezing wraith.
The freezing wraith is lightly damaged.
The skeletal warrior misses you. The freezing wraith barely misses you.
The freezing wraith hits you.
Unknown command.
You closely miss the freezing wraith.
The freezing wraith is lightly damaged.
The skeletal warrior hits you with a +0 hand axe!
You block the freezing wraith's attack. x2
Unknown command.
You puncture the freezing wraith! You burn the freezing wraith.
The freezing wraith is heavily damaged.
You block the skeletal warrior's attack.
You block the freezing wraith's attack. The freezing wraith hits you.
Unknown command.
You barely miss the freezing wraith.
The freezing wraith is heavily damaged.
The skeletal warrior completely misses you.
The freezing wraith hits you. The freezing wraith freezes you!!
You feel a terrible chill!
* * * LOW HITPOINT WARNING * * *
The freezing wraith hits you!
* * * LOW HITPOINT WARNING * * *
The freezing wraith drains your vigour!
You feel as though you will be slow longer.
Okay, then.
Okay, then.
You feel much better.
The skeletal warrior closely misses you.
You block the freezing wraith's attack.
The freezing wraith hits you but does no damage.
You block the skeletal warrior's attack.
The freezing wraith hits you.
* * * LOW HITPOINT WARNING * * *
The freezing wraith freezes you!!
You feel a terrible chill!
You die... #... #..PP..~♣ #.#.#####...###~PPP~♣♣♣ ##.#.#.......##P~P~♣♣♣~P ...............~P~~♣ ♣PP

...............~~~≈♣♣PP.
............"..PP~♣≈~♣P$
................~P~~~♣PP
......Wz$$......~.P~~~♣~
.......h...........P~PP♣
........[............~PP
......................#P
........................
................)<....##
..................?...#
......................#
......................#
.....................#


You could see a skeletal warrior and a freezing wraith.

Vanquished Creatures
  Kirke (D:12)
  An ironbound preserver (D:13)
  A minotaur (Gauntlet)
  Snorg (D:12)
  Josephine (D:12)
  Erolcha (D:11)
  A centaur warrior (D:13)
  4 boulder beetles
  Erica (D:8)
  2 two-headed ogres
  A hell hog (Gauntlet)
  A tengu warrior (D:13)
  2 skeletal warriors
  Lodul (D:10)
  A deep elf pyromancer (D:13)
  Pikel (D:5)
  An ugly thing (D:12)
  4 manticores
  3 elephants (Gauntlet)
  3 cyclopes
  A torpor snail (Gauntlet)
  2 kobold demonologists
  Maggie (D:7)
  A gargoyle (D:12)
  An unseen horror (D:13)
  Psyche (D:11)
  Jeremiah (D:8)
  An efreet (D:13)
  A rime drake (shapeshifter) (D:13)
  Grinder (D:6)
  A queen bee (D:11)
  5 trolls
  Prince Ribbit (D:5)
  Sigmund (D:4)
  11 slime creatures
  3 shadows (Gauntlet)
  A vampire (D:12)
  4 hogs (D:12)
  20 yaks
  A human (D:12)
  A water elemental (D:14)
  8 wraiths
  2 fire bats (Gauntlet)
  4 steam dragons
  Menkaure (D:6)
  4 water moccasins
  An acid dragon (D:8)
  A hell hound (Gauntlet)
  2 black bears
  8 orc warriors
  An ice beast (D:7)
  A sky beast (D:7)
  6 ogres (D:10)
  22 centaurs
  2 kobold brigands
  5 bullfrogs
  4 gnoll sergeants
  3 scorpions
  Blork the orc (D:5)
  8 wights
  13 killer bees
  A howler monkey (D:4)
  3 hounds
  9 orc priests
  A human zombie (D:10)
  2 jellies
  3 sleepcaps
  A gnoll bouda (D:5)
  5 iguanas
  Natasha (thrice) (D:2)
  9 orc wizards
  28 gnolls
  4 adders
  A shadow imp (D:7)
  A white imp (D:5)
  An ufetubus (D:6)
  2 worms
  2 dart slugs
  69 orcs
  5 bats
  11 endoplasms
  3 giant cockroaches
  6 goblins
  10 hobgoblins
  2 jackals (D:4)
  18 kobolds
  3 quokkas
  10 ball pythons
  2 frilled lizards
  A kobold zombie (D:10)
  4 rats
409 creatures vanquished.

Vanquished Creatures (others)
  An orc wizard (D:8)
1 creature vanquished.

Grand Total: 410 creatures vanquished

Notes
Turn   | Place    | Note
-------+----------+-------------------------------------------
     0 | D:1      | Newt the Merfolk Gladiator began the quest for the Orb.
     0 | D:1      | Reached XP level 1. HP: 16/16 MP: 1/1
   427 | D:1      | Reached XP level 2. HP: 22/22 MP: 2/2
   548 | D:1      | Reached skill level 5 in Polearms
   682 | D:1      | Found a faded altar of an unknown god.
   921 | D:2      | Noticed Natasha
   928 | D:2      | Killed Natasha
   929 | D:2      | Reached XP level 3. HP: 12/27 MP: 3/3
  1180 | D:2      | Reached skill level 6 in Polearms
  1183 | D:2      | Noticed Natasha
  1192 | D:2      | Killed Natasha
  1193 | D:2      | Reached XP level 4. HP: 25/33 MP: 4/4
  1202 | D:2      | Identified the staff "Acex" {rElec rF+ Str+4 Fire}
  1396 | D:2      | Reached skill level 7 in Polearms
  1466 | D:2      | Noticed Natasha
  1476 | D:2      | Killed Natasha
  1477 | D:2      | Reached XP level 5. HP: 14/38 MP: 5/5
  2017 | D:3      | Found a blossoming altar of Fedhas.
  2206 | D:3      | Found a shimmering blue altar of Sif Muna.
  2731 | D:3      | Reached skill level 8 in Polearms
  2856 | D:3      | Found a faded altar of an unknown god.
  2860 | D:3      | Found a glowing golden altar of the Shining One.
  3099 | D:4      | Reached skill level 1 in Shapeshifting
  3148 | D:4      | Noticed a black bear
  3163 | D:4      | Killed a black bear
  3164 | D:4      | Reached XP level 6. HP: 30/44 MP: 6/6
  3249 | D:4      | Noticed Sigmund
  3267 | D:4      | Killed Sigmund
  3268 | D:4      | Reached skill level 5 in Shapeshifting
  3268 | D:4      | Reached XP level 7. HP: 24/50 MP: 7/7
  3532 | D:4      | Found a glowing silver altar of Zin.
  3748 | D:4      | Found an iron altar of Okawaru.
  3755 | D:4      | Became a worshipper of Warmaster Okawaru
  3799 | D:5      | Entered Level 5 of the Dungeon
  3818 | D:5      | Noticed Pikel
  3839 | D:5      | Killed Pikel
  3839 | D:5      | Reached * piety under Okawaru
  3840 | D:5      | Reached skill level 5 in Fighting
  3840 | D:5      | Reached XP level 8. HP: 31/62 MP: 8/8
  4080 | D:5      | Reached skill level 1 in Shields
  4080 | D:5      | Reached skill level 1 in Spellcasting
  4733 | D:5      | Noticed Blork the orc
  4739 | D:5      | Killed Blork the orc
  4838 | D:5      | Noticed Prince Ribbit
  4843 | D:5      | Killed Prince Ribbit
  5262 | D:6      | Reached ** piety under Okawaru
  5277 | D:6      | Noticed Menkaure
  5283 | D:6      | Killed Menkaure
  5283 | D:6      | Noticed Grinder
  5284 | D:6      | Reached XP level 9. HP: 68/68 MP: 13/15
  5284 | D:6      | Identified the +6 spear of Makhleb's Generosity {protect,
                  | Str+3}
  5309 | D:6      | Killed Grinder
  5310 | D:6      | Reached skill level 5 in Spellcasting
  5860 | D:6      | Found an ornate altar of the Wu Jian Council.
  5939 | D:7      | Found a staircase to the Ecumenical Temple.
  5974 | D:7      | Found a white marble altar of Elyvilon.
  6494 | D:7      | Reached skill level 5 in Dodging
  6567 | D:7      | Reached *** piety under Okawaru
  6589 | D:7      | Found Iraagrod's Weapon Shoppe.
  6807 | D:7      | Noticed Maggie
  6823 | D:7      | Killed Maggie
  6824 | D:7      | Reached XP level 10. HP: 75/80 MP: 18/18
  7067 | D:8      | Noticed Jeremiah
  7092 | D:8      | Killed Jeremiah
  7093 | D:8      | Reached skill level 9 in Polearms
  7154 | D:8      | Noticed Erica
  7178 | D:8      | Killed Erica
  7178 | D:8      | Reached **** piety under Okawaru
  7178 | D:8      | Received a gift from Okawaru
  7178 | D:8      | Received a gift from Okawaru
  7179 | D:8      | Reached skill level 10 in Polearms
  7200 | D:8      | Received a gift from Okawaru
  7209 | D:8      | Found a flagged portal.
  7220 | Bailey   | Entered a bailey
  7472 | Bailey   | Reached skill level 11 in Polearms
  7936 | D:8      | Reached ***** piety under Okawaru
  7937 | D:8      | Reached skill level 12 in Polearms
  8041 | D:8      | Found a hide-covered altar of Uskayaw.
  8337 | D:8      | Found a snail-covered altar of Cheibriados.
  8337 | D:8      | Found a stormy altar of Qazlal.
  8378 | D:8      | Identified the +6 dagger of Vylysat {antimagic, Stlth+}
  8521 | D:9      | Reached skill level 13 in Polearms
  8613 | D:9      | Reached XP level 11. HP: 82/86 MP: 19/19
  8667 | D:9      | Received a gift from Okawaru
  8695 | D:9      | Reached skill level 14 in Polearms
  8804 | D:9      | Found a staircase to the Lair.
  8821 | D:9      | Reached skill level 1 in Evocations
  9010 | D:9      | Found a staircase to the Orcish Mines.
  9199 | D:9      | Identified the +4 ring mail of Sin {+Inv rC- rN+ Will+++}
                  | (Okawaru gifted it to you on level 9 of the Dungeon)
  9199 | D:9      | Received a gift from Okawaru
  9377 | D:9      | Found a sacrificial altar of Ru.
  9758 | D:9      | Reached skill level 5 in Evocations
  9942 | D:10     | Entered Level 10 of the Dungeon
 10022 | D:10     | Found a hazy altar of Hepliaklqana.
 10090 | D:10     | Found a runed translucent door.
 10091 | D:10     | Found a basalt altar of Yredelemnul.
 10295 | D:10     | Noticed Lodul
 10638 | D:10     | Killed Lodul
 10901 | D:10     | Noticed a two-headed ogre
 10909 | D:10     | Killed a two-headed ogre
 10910 | D:10     | Reached skill level 10 in Fighting
 11658 | D:11     | Noticed Psyche
 11666 | D:11     | Killed Psyche
 11683 | D:11     | Noticed a boulder beetle
 11684 | D:11     | Noticed Erolcha
 11990 | D:11     | Noticed a manticore
 12012 | D:11     | Killed a manticore
 12224 | D:11     | Received a gift from Okawaru
 12225 | D:11     | Reached XP level 12. HP: 90/100 MP: 20/20
 12610 | D:11     | Noticed a boulder beetle
 12660 | D:11     | Killed a boulder beetle
 13026 | D:11     | Killed Erolcha
 13103 | D:11     | Killed a boulder beetle
 13276 | D:12     | Gained mutation: Your body sometimes deteriorates upon
                  | taking damage. [potion of mutation]
 13276 | D:12     | Gained mutation: You possess an exceptional clarity of
                  | mind. [potion of mutation]
 13276 | D:12     | Gained mutation: Armour fits poorly on your strangely
                  | shaped body. [potion of mutation]
 13277 | D:12     | Lost mutation: Your body sometimes deteriorates upon taking
                  | damage. [potion of mutation]
 13277 | D:12     | Lost mutation: Armour fits poorly on your strangely shaped
                  | body. [potion of mutation]
 13277 | D:12     | Lost mutation: You possess an exceptional clarity of mind.
                  | [potion of mutation]
 13277 | D:12     | Gained mutation: You are strong-willed. (Will+) [potion of
                  | mutation]
 13277 | D:12     | Gained mutation: You are partially covered in iridescent
                  | scales. (AC +2) [potion of mutation]
 13306 | D:12     | Noticed Kirke
 13551 | D:12     | Reached skill level 10 in Dodging
 13578 | D:12     | Killed Kirke
 13578 | D:12     | Received a gift from Okawaru
 13779 | D:12     | Noticed Josephine
 13788 | D:12     | Killed Josephine
 13801 | D:12     | Reached skill level 1 in Invocations
 13892 | D:12     | Noticed Snorg
 13907 | D:12     | Killed Snorg
 13907 | D:12     | Identified the +4 glaive of Virtue {venom, *Corrode rElec
                  | Str+6} (Okawaru gifted it to you on level 12 of the
                  | Dungeon)
 13907 | D:12     | Received a gift from Okawaru
 14504 | D:12     | Reached skill level 5 in Invocations
 15059 | D:13     | Noticed a centaur warrior
 15065 | D:13     | Killed a centaur warrior
 15065 | D:13     | Reached ****** piety under Okawaru
 15066 | D:13     | Reached XP level 13. HP: 99/108 MP: 21/21
 15122 | D:13     | Received a gift from Okawaru
 15189 | D:13     | Found a gate leading to a gauntlet.
 15195 | Gauntlet | Entered a Gauntlet
 15195 | Gauntlet | Found a transporter.
 15195 | Gauntlet | Found a transporter.
 15240 | Gauntlet | Found a transporter.
 15244 | Gauntlet | Found a transporter.
 15252 | Gauntlet | Found a transporter.
 15256 | Gauntlet | Found a transporter.
 15266 | Gauntlet | Found a transporter.
 15268 | Gauntlet | Found the +8 orange crystal plate armour {Archmagi, Int+3
                  | Clar}
 15281 | Gauntlet | Noticed a reaper
 15282 | Gauntlet | Found a runed translucent door.
 15283 | Gauntlet | Found a transporter.
 15284 | Gauntlet | Found a runed translucent door.
 15300 | Gauntlet | Found a transporter.
 15304 | Gauntlet | Found a transporter.
 15312 | Gauntlet | Found a transporter.
 15316 | Gauntlet | Found a transporter.
 15568 | Gauntlet | Got a ragged book
 15634 | Gauntlet | Reached skill level 10 in Invocations
 15634 | Gauntlet | Reached skill level 1 in Armour
 15647 | Gauntlet | Identified the +0 helmet of the Kangaroo {+Blink rCorr
                  | Int+5 Dex-3}
 15845 | Gauntlet | Identified the +3 ring mail of Galigh {rElec rCorr Str-5
                  | Stlth+}
 15845 | Gauntlet | Identified the ring of Uvuem {Int+5 Dex+4 SInv}
 15845 | Gauntlet | Noticed a minotaur
 15853 | Gauntlet | Killed a minotaur
 16595 | D:13     | Noticed an ironbound preserver
 16596 | D:13     | Found a gate to the Vaults.
 16632 | D:13     | Killed an ironbound preserver
 16632 | D:13     | Received a gift from Okawaru
 16925 | D:13     | Reached skill level 5 in Armour
 17002 | D:13     | Found Gaqerph's Specific Store.
 17007 | D:13     | Found Putighun's General Store.
 17015 | D:13     | Bought a potion of heal wounds for 60 gold pieces
 17015 | D:13     | Bought a scroll of identify for 24 gold pieces
 17023 | D:13     | Bought a wand of light (4) for 201 gold pieces
 17299 | D:13     | Received a gift from Okawaru
 17645 | D:14     | Mangled by a freezing wraith

Illustrated notes

Levels and vault maps discovered:
D:1:      lemuel_arrival_broad_hall, layout_basic,
          shapermc_ecumenical_altar_hornbeckon
D:2:      layout_loops_ring, uniq_natasha
D:3:      layout_loops_corners, general_overflow_altar, lemuel_crystal_altar,
          nicolae_overflow_ecumenical_swirl, serial_rivers,
          chequers_serial_rivers_micro_b, chequers_serial_rivers_micro_a,
          chequers_serial_rivers_micro_c, chequers_serial_rivers_large_a,
          wad_woods_river_04, minmay_misc_feat_square, hellmonk_no_cap
D:4:      layout_rooms, kennysheep_mini_moat, mainiacjoe_overflow_alcove_2,
          kennysheep_generic_room_8, uniq_sigmund
D:5:      layout_loops_ring, uniq_pikel, uniq_blork_the_orc, uniq_prince_ribbit1
D:6:      layout_basic, marbit_many_paths, chequers_avenue, uniq_menkaure,
          uniq_grinder
D:7:      layout_basic, nicolae_elyvilon_peaceful_grove,
          minmay_temple_entry_gardened_gates, serial_shops, shop, uniq_maggie
D:8:      layout_loops_ring, mainiacjoe_overflow_cross_hatched,
          gammafunk_temple_overflow_wave, enter_bailey_4, uniq_jeremiah,
          uniq_erica
D:9:      layout_cave_pods, mainiacjoe_overflow_24_doors,
          grunt_lair_entry_orc_guard_hut, hiddenorc2_lemuel
D:10:     layout_loops_ring, dk_yredelemnul_ordeal,
          nicolae_hepliaklqana_hippocampus, uniq_lodul
D:11:     layout_small_grid, nicolae_looking_at_the_future, uniq_erolcha,
          uniq_psyche
D:12:     layout_loops_ring, hangedman_abyss_or_decor_passed,
          minmay_sticks_and_stones, uniq_kirke, uniq_josephine, uniq_snorg
D:13:     layout_stronghold, skrybe_vaults_entry_preservation,
          gauntlet_entry_generic, grunt_ogre_cave, nicolae_specific_store
D:14:     layout_basic, corexii_leaking_fountain, serial_bayou_lagoon_a

Skill      XL: |  1  2  3  4  5  6  7  8  9 10 11 12 13 |
---------------+----------------------------------------+-----
Polearms       | 5 6 7 8 13 14 | 14.0
Shapeshifting  | 3 5 7 |  7.0
Fighting       | 5 8 11 12 | 12.0
Shields        | 4 |  4.0
Spellcasting   | 4 5 |  5.4
Dodging        | 7 8 12 | 12.0
Evocations     | 5 |  5.0
Invocations    | 7 10 | 10.0
Armour         | 6 |  6.3
Throwing       | |  2.0

Action                     |  1- 3 |  4- 6 |  7- 9 | 10-12 | 13-15 || total
---------------------------+-------+-------+-------+-------+-------++-------
  Melee: Trident           |    70 |   131 |   151 |       |       ||   352
         Punch             |     1 |       |       |       |       ||     1
         Halberd           |       |       |    11 |       |       ||    11
         Spear             |       |       |   144 |   850 |       ||   994
         Tailslap          |       |       |     2 |       |       ||     2
         Demon trident     |       |       |       |   115 |   257 ||   372
  Throw: Throwing net      |     2 |       |     3 |     4 |       ||     9
         Dart              |       |     4 |       |     9 |       ||    13
 Invoke: Heroism           |       |       |       |     5 |     5 ||    10
         Finesse           |       |       |       |       |     1 ||     1
  Evoke: Wand              |       |       |       |     4 |       ||     4
    Use: Scroll            |     2 |     4 |     7 |     9 |     1 ||    23
         Potion            |       |       |       |     9 |     4 ||    13
   Stab: Sleeping          |     1 |     4 |     4 |    10 |       ||    19
         Held in net/web   |     1 |       |       |     4 |       ||     5
         Distracted        |       |       |       |     2 |       ||     2
 Armour: Leather armour    |    22 |    50 |   104 |       |       ||   176
         Steam dragon scal |       |       |       |    90 |       ||    90
         Ring mail         |       |       |       |   156 |   113 ||   269
         Crystal plate arm |       |       |       |       |     2 ||     2
  Dodge: Dodged            |    37 |    49 |    94 |   270 |   112 ||   562
  Block: Other             |     6 |    17 |    10 |       |       ||    33
         Reflection        |       |     1 |     3 |       |       ||     4
         Kite shield       |       |       |   105 |   280 |    93 ||   478
   Form: Beast             |       |     1 |       |       |       ||     1

Table legend: (Time is in decaauts)
 A = Elapsed time spent in this place.
 B = Non-inter-level travel time spent in this place.
 C = Inter-level travel time spent in this place.
 D = Time resting spent in this place.
 E = Time spent auto-exploring this place.
 F = Levels seen in this place.
 G = Mean time per level.
                   A        B        C        D        E       F      G
               +--------+--------+--------+--------+--------+-----+--------+
         Total |  17180 |  16682 |    498 |   4253 |   9642 |  16 | 1073.8 |
       Dungeon |  15944 |  15446 |    498 |   3790 |   9113 |  14 | 1138.9 |
        Bailey |    588 |    588 |      0 |     79 |    409 |   1 |  588.0 |
      Gauntlet |    647 |    647 |      0 |    384 |    119 |   1 |  647.0 |
               +--------+--------+--------+--------+--------+-----+--------+

Top non-repeatable levels by time:
    D:11: 1990 daAuts
    D:12: 1719 daAuts
    D:13: 1655 daAuts
     D:9: 1325 daAuts
    D:10: 1258 daAuts
     D:5: 1253 daAuts
     D:7: 1132 daAuts
     D:2: 1101 daAuts
     D:3: 1079 daAuts
     D:1: 892 daAuts
     D:6: 844 daAuts
     D:8: 795 daAuts
     D:4: 695 daAuts
Gauntlet: 647 daAuts
  Bailey: 588 daAuts
